Login

Columbus Blue Jackets vs Vegas Golden Knights

Created - June 9, 2023 at 16:02

Goals
1 2 3 T
Columbus Blue Jackets 2 1 0 3
Vegas Golden Knights 1 1 0 2
Shots
1 2 3 T
Columbus Blue Jackets 10 12 9 31
Vegas Golden Knights 20 7 9 36

GoalsPenalties
1st period
1. Columbus Blue Jackets , Evgenii Dadonov 3 (Anze Kopitar 12, Tom Wilson 9) at 0:11
2. Columbus Blue Jackets , Tom Wilson 7 (Anze Kopitar 13) at 15:48
3. Vegas Golden Knights , Mark Stone 5 (Josh Manson 18, Evgeny Kuznetsov 16) at 19:29 (PP)
Marco Scandella (VGK) for Tripping (Minor) at 1:33
Erik Cernak (CBJ) for Tripping (Minor) at 5:29
Nicolas Roy (CBJ) for Slashing (Minor) at 19:15
2nd period
4. Vegas Golden Knights , Erik Johnson 6 (Bo Horvat 10) at 2:48
5. Columbus Blue Jackets , John Carlson 7 (Jacob Trouba 13, Brandon Duhaime 1) at 17:14
Patric Hornqvist (VGK) for Hooking (Minor) at 7:14
3rd period
No Goal
Josh Manson (VGK) for Elbowing (Minor) at 7:34
Pierre-Luc Dubois (VGK) for Interference (Minor) at 9:36
Erik Cernak (CBJ) for High sticking (Minor) at 13:10
Lars Eller (CBJ) for Hooking (Minor) at 17:56
Goalie Stats
Igor Shesterkin (CBJ), 34 saves from 36 shots - (0.944), W, 14-5-2, 60:00 minutes
Andrei Vasilevskiy (VGK), 28 saves from 31 shots - (0.903), L, 14-6-2, 58:34 minutes
3 StarsOfficial
1 - Tom Wilson (CBJ)
2 - Igor Shesterkin (CBJ)
3 - John Carlson (CBJ)
Referees : Steven Jakobson and Jonathan Junk Googoo
Linesman : Brandon Lismanis and Ron Holmes
Game Note
No Game Note
Finance
Level 1 -- Attendance: 6000 (100.00%) -- Ticket Income $600,000
Level 2 -- Attendance: 5000 (100.00%) -- Ticket Income $300,000
Level 3 -- Attendance: 2000 (100.00%) -- Ticket Income $70,000
Level 4 -- Attendance: 4000 (100.00%) -- Ticket Income $100,000
Luxury Box -- Attendance: 1000 (100.00%) -- Ticket Income $200,000
Game was played at the T-Mobile Arena.
Total Attendance: 18000 (100.00%)
Total Ticket Income: $1,270,000
Total Income: $1,270,000



Team Name Goals Shots Shots Attemp Shots Blocked PIM HIT PP PK FO%
Columbus Blue Jackets 33162108140 / 4 (0%)142%
Vegas Golden Knights 23666108161 / 4 (25%)058%

Columbus Blue Jackets
Player Name POS G A P +/- PIM HIT SHT SB MP PP MP PP SHT PK MP PK SHT FO% FOT
Aleksander BarkovC0000012019:274:1200:00037% 27
Anze KopitarC0221014019:303:4411:28048% 27
Brandon DuhaimeC011100007:530:0001:2000% 2
Derek GrantC000100116:160:0000:00050% 6
Erik CernakD0002410118:423:2601:0900% 0
Evgenii DadonovLW/RW1011002015:300:0001:1200% 1
Jacob TroubaD0110023426:003:4623:3100% 0
Jaycob MegnaD0000010114:410:4401:3100% 0
John CarlsonD1010033226:003:4613:3100% 0
Jonathan HuberdeauLW0000011020:554:1211:28025% 4
Justin DanforthC0000000010:390:0000:0000% 0
Lars EllerC/LW0000204016:163:0012:5500% 2
Luke SchennD0002011020:153:2602:4000% 0
Nicolas RoyC0000202014:200:0003:59056% 25
Rasmus AsplundC000100006:420:4400:0000% 0
Ryan MurrayD0000000113:100:4400:0000% 0
Steven StamkosC/RW0000024019:274:1210:0000% 1
Tom WilsonRW1121014018:023:4400:00025% 4
Vegas Golden Knights
Player Name POS G A P +/- PIM HIT SHT SB MP PP MP PP SHT PK MP PK SHT FO% FOT
Alexander KerfootLW0000014015:090:0002:3600% 0
Bo HorvatC0110021018:312:5502:42055% 31
Carson SoucyD000-1012113:150:0000:0700% 0
Cody CeciD000-1001318:520:4203:3900% 0
David KampfC000000008:430:0004:20069% 13
Derek RyanC000000004:230:0000:0000% 0
Erik JohnsonD1010043124:452:4413:4600% 0
Evgeny KuznetsovC/LW011-2014019:313:1610:160100% 1
John TavaresC000-2005019:153:1610:00062% 29
Josh MansonD011-1210321:043:2603:1200% 0
Marco ScandellaD000-1210214:080:0000:5800% 0
Mark StoneRW101-2004019:153:1630:00075% 4
Michael BuntingLW0000014015:282:5500:0000% 1
Mikael BacklundC0000002017:070:0004:30056% 16
Noah HanifinD0000011025:092:4514:1000% 0
Patric HornqvistLW/RW000021004:560:0000:3400% 0
Pierre-Luc DuboisC0000222015:522:5500:0000% 1
Sam ReinhartC/RW0000003016:372:4520:5400% 3

Columbus Blue Jackets

5 vs 5 Forward
Line #Left WingCenterRight WingPHYDFOFWanted %Time %Time Play
1Jonathan HuberdeauAleksander BarkovSteven Stamkos1223633%15:11
2Evgenii DadonovAnze KopitarTom Wilson1223431%14:18
3Lars EllerNicolas RoyJustin Danforth1222523%10:22
4Brandon DuhaimeDerek GrantRasmus Asplund131513%5:58
5 vs 5 Defense
Line #DefenseDefensePHYDFOFWanted %Time %Time Play
1John CarlsonJacob Trouba1223535%15:52
2Luke SchennErik Cernak1223031%14:09
3Jaycob MegnaRyan Murray1312527%12:26
4John CarlsonJacob Trouba122107%3:22
Power Play Forward
Line #Left WingCenterRight WingPHYDFOFWanted %Time %Time Play
1Jonathan HuberdeauAleksander BarkovSteven Stamkos0146053%4:12
2Lars EllerAnze KopitarTom Wilson1134047%3:44
Power Play Defense
Line #DefenseDefensePHYDFOFWanted %Time %Time Play
1John CarlsonJacob Trouba1226047%3:46
2Luke SchennErik Cernak1224053%4:10
Penalty Kill 4 Players Forward
Line #CenterWingPHYDFOFWanted %Time %Time Play
1Nicolas RoyLars Eller1226076%4:43
2Jonathan HuberdeauAnze Kopitar1224024%1:28
Penalty Kill 4 Players Defense
Line #DefenseDefensePHYDFOFWanted %Time %Time Play
1John CarlsonJacob Trouba1226057%3:31
2Luke SchennErik Cernak1224043%2:40
Penalty Kill 3 Players
Line #WingPHYDFOFWanted %Time %Time PlayDefenseDefensePHYDFOFWanted %Time %Time Play
1Nicolas Roy122600%0:00 John CarlsonJacob Trouba122600%0:00
2Lars Eller122400%0:00 Luke SchennErik Cernak122400%0:00
4 vs 4 Forward
Line #CenterWingPHYDFOFWanted %Time %Time Play
1Aleksander BarkovSteven Stamkos122600%0:00
2Jonathan HuberdeauAnze Kopitar122400%0:00
4 vs 4 Defense
Line #DefensePHYDFOFWanted %Time %Time Play
1John CarlsonJacob Trouba122600%0:00
2Luke SchennErik Cernak122400%0:00
Last Minutes Offensive
Left WingCenterRight WingDefenseDefense
Jonathan HuberdeauAleksander BarkovSteven StamkosJohn CarlsonJacob Trouba
Last Minutes Defensive
Left WingCenterRight WingDefenseDefense
Jonathan HuberdeauAleksander BarkovSteven StamkosJohn CarlsonJacob Trouba
Time
Total ForwardTotal DefenseLast Minutes OffensiveLast Minutes Defensive
60:00 60:00 0:000:04
Extra Forwards
Normal PowerPlayPenalty Kill
Rasmus Asplund, Derek Grant, Brandon DuhaimeRasmus Asplund, Derek GrantBrandon Duhaime
Extra Defensemen
Normal PowerPlayPenalty Kill
John Carlson, Erik Cernak, Luke SchennJacob Trouba, Erik CernakLuke Schenn
Penalty Shots
Aleksander Barkov, Steven Stamkos, Jonathan Huberdeau, Anze Kopitar, Tom Wilson
Goalie
Igor Shesterkin, Laurent Brossoit
Scratches
Andrej Sekera (Healthy)

Vegas Golden Knights

5 vs 5 Forward
Line #Left WingCenterRight WingPHYDFOFWanted %Time %Time Play
1Evgeny KuznetsovJohn TavaresMark Stone0233535%15:59
2Pierre-Luc DuboisBo HorvatSam Reinhart0233028%12:54
3Alexander KerfootMikael BacklundMichael Bunting0233027%12:33
4Derek RyanDavid KampfPatric Hornqvist212510%4:23
5 vs 5 Defense
Line #DefenseDefensePHYDFOFWanted %Time %Time Play
1Noah HanifinErik Johnson1223535%16:01
2Cody CeciJosh Manson1223032%14:27
3Carson SoucyMarco Scandella1222529%13:08
4Noah HanifinErik Johnson122105%2:13
Power Play Forward
Line #Left WingCenterRight WingPHYDFOFWanted %Time %Time Play
1Evgeny KuznetsovJohn TavaresMark Stone0147053%3:16
2Pierre-Luc DuboisBo HorvatMichael Bunting0143047%2:55
Power Play Defense
Line #DefenseDefensePHYDFOFWanted %Time %Time Play
1Noah HanifinSam Reinhart0147044%2:45
2Erik JohnsonJosh Manson0143056%3:26
Penalty Kill 4 Players Forward
Line #CenterWingPHYDFOFWanted %Time %Time Play
1David KampfMikael Backlund1316067%5:20
2Bo HorvatAlexander Kerfoot1314033%2:36
Penalty Kill 4 Players Defense
Line #DefenseDefensePHYDFOFWanted %Time %Time Play
1Erik JohnsonNoah Hanifin1406054%4:17
2Cody CeciJosh Manson1404046%3:39
Penalty Kill 3 Players
Line #WingPHYDFOFWanted %Time %Time PlayDefenseDefensePHYDFOFWanted %Time %Time Play
1John Tavares140600%0:00 Erik JohnsonNoah Hanifin140600%0:00
2Sam Reinhart140400%0:00 Cody CeciJosh Manson140400%0:00
4 vs 4 Forward
Line #CenterWingPHYDFOFWanted %Time %Time Play
1John TavaresSam Reinhart122600%0:00
2Bo HorvatEvgeny Kuznetsov122400%0:00
4 vs 4 Defense
Line #DefensePHYDFOFWanted %Time %Time Play
1Erik JohnsonNoah Hanifin122600%0:00
2Cody CeciJosh Manson122400%0:00
Last Minutes Offensive
Left WingCenterRight WingDefenseDefense
Evgeny KuznetsovJohn TavaresSam ReinhartNoah HanifinErik Johnson
Last Minutes Defensive
Left WingCenterRight WingDefenseDefense
David KampfBo HorvatMark StoneNoah HanifinErik Johnson
Time
Total ForwardTotal DefenseLast Minutes OffensiveLast Minutes Defensive
60:00 60:00 0:040:00
Extra Forwards
Normal PowerPlayPenalty Kill
Pierre-Luc Dubois, Mark Stone, Mikael BacklundPierre-Luc Dubois, Alexander KerfootSam Reinhart
Extra Defensemen
Normal PowerPlayPenalty Kill
Erik Johnson, Cody Ceci, Marco ScandellaCody Ceci, Marco ScandellaCarson Soucy
Penalty Shots
Evgeny Kuznetsov, John Tavares, Mikael Backlund, Sam Reinhart, Bo Horvat
Goalie
Andrei Vasilevskiy, Anthony Stolarz
Scratches
Philip Tomasino (Healthy), VGK Cap Hit (Suspend), Vladimir Tarasenko (Bruised Right Foot Injury)


Play-by-Play

1st period


0:01 of 1st period - John Tavares wins face-off versus Jonathan Huberdeau in neutral zone.
0:05 of 1st period - Off-side.
0:06 of 1st period - Tom Wilson wins face-off versus Bo Horvat in neutral zone.
0:11 of 1st period - Shot by Evgenii Dadonov.
0:11 of 1st period - Goal by Evgenii Dadonov - Columbus Blue Jackets : 1 - Vegas Golden Knights : 0.
0:12 of 1st period - Nicolas Roy wins face-off versus Mikael Backlund in neutral zone.
0:18 of 1st period - Carson Soucy is hit by Jaycob Megna and loses puck.
0:22 of 1st period - Icing by Ryan Murray.
0:23 of 1st period - John Tavares wins face-off versus Nicolas Roy in Columbus Blue Jackets zone.
0:24 of 1st period - Shot by Evgeny Kuznetsov.
0:24 of 1st period - Stopped by Igor Shesterkin without a rebound.
0:25 of 1st period - Aleksander Barkov wins face-off versus Bo Horvat in Columbus Blue Jackets zone.
0:25 of 1st period - Aleksander Barkov is hit by Pierre-Luc Dubois.
0:33 of 1st period - Shot by Aleksander Barkov.
0:33 of 1st period - Stopped by Andrei Vasilevskiy without a rebound.
0:34 of 1st period - Anze Kopitar wins face-off versus John Tavares in Vegas Golden Knights zone.
0:39 of 1st period - Shot by Evgenii Dadonov.
0:39 of 1st period - Shot Misses the Net.
0:41 of 1st period - Shot by Luke Schenn.
0:41 of 1st period - Shot Hit the Post.
0:47 of 1st period - Shot by Luke Schenn.
0:47 of 1st period - Stopped by Andrei Vasilevskiy without a rebound.
0:48 of 1st period - Derek Grant wins face-off versus Mikael Backlund in Vegas Golden Knights zone.
0:50 of 1st period - Rasmus Asplund is hit by Erik Johnson and loses puck.
1:04 of 1st period - Shot by Jacob Trouba.
1:04 of 1st period - Stopped by Andrei Vasilevskiy without a rebound.
1:05 of 1st period - Aleksander Barkov wins face-off versus Sam Reinhart in Vegas Golden Knights zone.
1:24 of 1st period - Shot by Jonathan Huberdeau.
1:24 of 1st period - Shot Blocked by Carson Soucy.
1:26 of 1st period - Shot by Jaycob Megna.
1:26 of 1st period - Shot Misses the Net.
1:28 of 1st period - Shot by Steven Stamkos.
1:28 of 1st period - Shot Blocked by Marco Scandella.
1:30 of 1st period - Shot by Jaycob Megna.
1:30 of 1st period - Shot Misses the Net.
1:33 of 1st period - Minor Penalty to Marco Scandella for Tripping.
1:34 of 1st period - Mikael Backlund wins face-off versus Anze Kopitar in Vegas Golden Knights zone.
1:42 of 1st period - Icing by Anze Kopitar.
1:43 of 1st period - David Kampf wins face-off versus Anze Kopitar in Columbus Blue Jackets zone.
1:50 of 1st period - Erik Johnson is hit by Anze Kopitar.
3:08 of 1st period - Shot by Steven Stamkos.
3:08 of 1st period - Stopped by Andrei Vasilevskiy without a rebound.
3:09 of 1st period - Bo Horvat wins face-off versus Tom Wilson in Vegas Golden Knights zone.
3:18 of 1st period - Shot by Jacob Trouba.
3:18 of 1st period - Shot Blocked by Josh Manson.
3:33 of 1st period - Shot by Anze Kopitar.
3:33 of 1st period - Stopped by Andrei Vasilevskiy without a rebound.
3:34 of 1st period - Derek Grant wins face-off versus John Tavares in Vegas Golden Knights zone.
3:41 of 1st period - Shot by Mark Stone.
3:41 of 1st period - Stopped by Igor Shesterkin with a rebound.
3:43 of 1st period - Shot by Carson Soucy.
3:43 of 1st period - Shot Blocked by Derek Grant.
4:34 of 1st period - Off-side.
4:35 of 1st period - Anze Kopitar wins face-off versus Mikael Backlund in neutral zone.
4:35 of 1st period - Anze Kopitar is hit by Michael Bunting.
4:47 of 1st period - Shot by Anze Kopitar.
4:47 of 1st period - Shot Hit the Post.
4:49 of 1st period - Shot by John Carlson.
4:49 of 1st period - Stopped by Andrei Vasilevskiy with a rebound.
5:01 of 1st period - Shot by Mikael Backlund.
5:01 of 1st period - Stopped by Igor Shesterkin without a rebound.
5:02 of 1st period - Nicolas Roy wins face-off versus Bo Horvat in Columbus Blue Jackets zone.
5:02 of 1st period - Nicolas Roy is hit by Bo Horvat.
5:26 of 1st period - Shot by Bo Horvat.
5:26 of 1st period - Deflect By Pierre-Luc Dubois.
5:26 of 1st period - Stopped by Igor Shesterkin with a rebound.
5:29 of 1st period - Minor Penalty to Erik Cernak for Tripping.
5:30 of 1st period - Nicolas Roy wins face-off versus John Tavares in Columbus Blue Jackets zone.
5:53 of 1st period - Shot by Noah Hanifin.
5:53 of 1st period - Stopped by Igor Shesterkin without a rebound.
5:54 of 1st period - Bo Horvat wins face-off versus Jonathan Huberdeau in Columbus Blue Jackets zone.
5:57 of 1st period - Shot by Pierre-Luc Dubois.
5:57 of 1st period - Shot Misses the Net.
6:11 of 1st period - Shot by Pierre-Luc Dubois.
6:11 of 1st period - Shot Misses the Net.
6:21 of 1st period - Josh Manson is hit by Jonathan Huberdeau and loses puck.
6:34 of 1st period - Shot by Erik Johnson.
6:34 of 1st period - Stopped by Igor Shesterkin without a rebound.
6:35 of 1st period - John Tavares wins face-off versus Nicolas Roy in Columbus Blue Jackets zone.
6:43 of 1st period - Icing by Evgeny Kuznetsov.
6:44 of 1st period - John Tavares wins face-off versus Nicolas Roy in Vegas Golden Knights zone.
6:52 of 1st period - Sam Reinhart is hit by John Carlson and loses puck.
7:11 of 1st period - Shot by John Tavares.
7:11 of 1st period - Stopped by Igor Shesterkin without a rebound.
7:12 of 1st period - Jonathan Huberdeau wins face-off versus Bo Horvat in Columbus Blue Jackets zone.
8:40 of 1st period - Anze Kopitar is hit by Erik Johnson and loses puck.
9:15 of 1st period - Icing by Erik Cernak.
9:16 of 1st period - Anze Kopitar wins face-off versus John Tavares in Columbus Blue Jackets zone.
9:23 of 1st period - Shot by Evgeny Kuznetsov.
9:23 of 1st period - Stopped by Igor Shesterkin with a rebound.
9:25 of 1st period - Shot by Cody Ceci.
9:25 of 1st period - Stopped by Igor Shesterkin without a rebound.
9:26 of 1st period - Aleksander Barkov wins face-off versus Sam Reinhart in Columbus Blue Jackets zone.
9:53 of 1st period - Shot by Bo Horvat.
9:53 of 1st period - Deflect By Sam Reinhart.
9:53 of 1st period - Shot Blocked by Jacob Trouba.
9:55 of 1st period - Shot by Cody Ceci.
9:55 of 1st period - Shot Misses the Net.
9:57 of 1st period - Shot by Pierre-Luc Dubois.
9:57 of 1st period - Stopped by Igor Shesterkin without a rebound.
9:58 of 1st period - John Tavares wins face-off versus Lars Eller in Columbus Blue Jackets zone.
10:32 of 1st period - Shot by Lars Eller.
10:32 of 1st period - Stopped by Andrei Vasilevskiy with a rebound.
11:08 of 1st period - Shot by Alexander Kerfoot.
11:08 of 1st period - Stopped by Igor Shesterkin without a rebound.
11:09 of 1st period - Mikael Backlund wins face-off versus Anze Kopitar in Columbus Blue Jackets zone.
11:16 of 1st period - Shot by Alexander Kerfoot.
11:16 of 1st period - Stopped by Igor Shesterkin without a rebound.
11:17 of 1st period - Aleksander Barkov wins face-off versus Bo Horvat in Columbus Blue Jackets zone.
11:21 of 1st period - Icing by John Carlson.
11:22 of 1st period - Aleksander Barkov wins face-off versus Bo Horvat in Columbus Blue Jackets zone.
11:24 of 1st period - Jacob Trouba is hit by Pierre-Luc Dubois and loses puck.
11:32 of 1st period - Icing by Jacob Trouba.
11:33 of 1st period - Aleksander Barkov wins face-off versus Mikael Backlund in Columbus Blue Jackets zone.
11:58 of 1st period - Icing by Steven Stamkos.
11:59 of 1st period - Bo Horvat wins face-off versus Aleksander Barkov in Columbus Blue Jackets zone.
12:00 of 1st period - Shot by Sam Reinhart.
12:00 of 1st period - Shot Blocked by Jacob Trouba.
12:23 of 1st period - Steven Stamkos is hit by Noah Hanifin and loses puck.
12:34 of 1st period - Shot by Bo Horvat.
12:34 of 1st period - Stopped by Igor Shesterkin without a rebound.
12:35 of 1st period - Anze Kopitar wins face-off versus John Tavares in Columbus Blue Jackets zone.
13:59 of 1st period - Off-side.
14:00 of 1st period - Bo Horvat wins face-off versus Aleksander Barkov in neutral zone.
14:14 of 1st period - Icing by John Carlson.
14:15 of 1st period - David Kampf wins face-off versus Aleksander Barkov in Columbus Blue Jackets zone.
14:16 of 1st period - Shot by Derek Ryan.
14:16 of 1st period - Shot Blocked by John Carlson.
14:35 of 1st period - Shot by David Kampf.
14:35 of 1st period - Shot Blocked by Jacob Trouba.
15:14 of 1st period - Shot by Mark Stone.
15:14 of 1st period - Deflect By John Tavares.
15:14 of 1st period - Stopped by Igor Shesterkin with a rebound.
15:17 of 1st period - Icing by Ryan Murray.
15:18 of 1st period - Nicolas Roy wins face-off versus Bo Horvat in Columbus Blue Jackets zone.
15:37 of 1st period - Shot by Nicolas Roy.
15:37 of 1st period - Shot Misses the Net.
15:39 of 1st period - Shot by Nicolas Roy.
15:39 of 1st period - Stopped by Andrei Vasilevskiy without a rebound.
15:40 of 1st period - John Tavares wins face-off versus Anze Kopitar in Vegas Golden Knights zone.
15:44 of 1st period - Icing by Erik Johnson.
15:45 of 1st period - Anze Kopitar wins face-off versus John Tavares in Vegas Golden Knights zone.
15:48 of 1st period - Shot by Tom Wilson.
15:48 of 1st period - Goal by Tom Wilson - Columbus Blue Jackets : 2 - Vegas Golden Knights : 0.
15:49 of 1st period - Anze Kopitar wins face-off versus Mikael Backlund in neutral zone.
16:03 of 1st period - Shot by Noah Hanifin.
16:03 of 1st period - Shot Blocked by John Carlson.
16:17 of 1st period - Shot by Michael Bunting.
16:17 of 1st period - Stopped by Igor Shesterkin without a rebound.
16:18 of 1st period - John Tavares wins face-off versus Aleksander Barkov in Columbus Blue Jackets zone.
16:33 of 1st period - Shot by Mark Stone.
16:33 of 1st period - Shot Misses the Net.
16:35 of 1st period - Shot by John Tavares.
16:35 of 1st period - Shot Misses the Net.
16:41 of 1st period - Shot by John Tavares.
16:41 of 1st period - Stopped by Igor Shesterkin without a rebound.
16:42 of 1st period - Bo Horvat wins face-off versus Nicolas Roy in Columbus Blue Jackets zone.
17:18 of 1st period - Shot by Pierre-Luc Dubois.
17:18 of 1st period - Shot Misses the Net.
17:20 of 1st period - Shot by Bo Horvat.
17:20 of 1st period - Shot Misses the Net.
17:24 of 1st period - Shot by Sam Reinhart.
17:24 of 1st period - Stopped by Igor Shesterkin without a rebound.
17:25 of 1st period - John Tavares wins face-off versus Anze Kopitar in Columbus Blue Jackets zone.
17:38 of 1st period - Shot by Luke Schenn.
17:38 of 1st period - Shot Misses the Net.
18:10 of 1st period - Icing by John Tavares.
18:11 of 1st period - Mark Stone wins face-off versus Aleksander Barkov in Vegas Golden Knights zone.
18:34 of 1st period - Shot by Mikael Backlund.
18:34 of 1st period - Deflect By Michael Bunting.
18:34 of 1st period - Shot Misses the Net.
18:38 of 1st period - Shot by Alexander Kerfoot.
18:38 of 1st period - Stopped by Igor Shesterkin without a rebound.
18:39 of 1st period - Nicolas Roy wins face-off versus Bo Horvat in Columbus Blue Jackets zone.
18:46 of 1st period - Shot by Jacob Trouba.
18:46 of 1st period - Shot Blocked by Erik Johnson.
19:15 of 1st period - Minor Penalty to Nicolas Roy for Slashing.
19:16 of 1st period - Mark Stone wins face-off versus Brandon Duhaime in Columbus Blue Jackets zone.
19:29 of 1st period - Shot by Mark Stone.
19:29 of 1st period - Goal by Mark Stone - Columbus Blue Jackets : 2 - Vegas Golden Knights : 1.
19:30 of 1st period - Mikael Backlund wins face-off versus Aleksander Barkov in neutral zone.
19:47 of 1st period - Shot by Alexander Kerfoot.
19:47 of 1st period - Deflect By Michael Bunting.
19:47 of 1st period - Shot Blocked by Jaycob Megna.
19:49 of 1st period - Shot by Carson Soucy.
19:49 of 1st period - Stopped by Igor Shesterkin without a rebound.
19:50 of 1st period - Evgeny Kuznetsov wins face-off versus Anze Kopitar in Columbus Blue Jackets zone.
Goals for this period are 2 for Columbus Blue Jackets vs 1 for Vegas Golden Knights.
Shots for this period are 10 for Columbus Blue Jackets vs 20 for Vegas Golden Knights.

2nd period


0:01 of 2nd period - Aleksander Barkov wins face-off versus Mikael Backlund in neutral zone.
0:13 of 2nd period - Icing by Jacob Trouba.
0:14 of 2nd period - John Tavares wins face-off versus Aleksander Barkov in Columbus Blue Jackets zone.
0:51 of 2nd period - Shot by Mark Stone.
0:51 of 2nd period - Shot Misses the Net.
1:32 of 2nd period - Shot by Michael Bunting.
1:32 of 2nd period - Stopped by Igor Shesterkin without a rebound.
1:33 of 2nd period - Anze Kopitar wins face-off versus Sam Reinhart in Columbus Blue Jackets zone.
1:33 of 2nd period - Anze Kopitar is hit by Bo Horvat.
2:03 of 2nd period - Shot by Anze Kopitar.
2:03 of 2nd period - Stopped by Andrei Vasilevskiy without a rebound.
2:04 of 2nd period - Mark Stone wins face-off versus Nicolas Roy in Vegas Golden Knights zone.
2:06 of 2nd period - Icing by Evgeny Kuznetsov.
2:07 of 2nd period - John Tavares wins face-off versus Nicolas Roy in Vegas Golden Knights zone.
2:21 of 2nd period - Icing by Erik Johnson.
2:22 of 2nd period - John Tavares wins face-off versus Anze Kopitar in Vegas Golden Knights zone.
2:34 of 2nd period - Shot by Tom Wilson.
2:34 of 2nd period - Stopped by Andrei Vasilevskiy without a rebound.
2:35 of 2nd period - Mikael Backlund wins face-off versus Nicolas Roy in Vegas Golden Knights zone.
2:46 of 2nd period - Shot by Alexander Kerfoot.
2:46 of 2nd period - Stopped by Igor Shesterkin without a rebound.
2:47 of 2nd period - Bo Horvat wins face-off versus Anze Kopitar in Columbus Blue Jackets zone.
2:48 of 2nd period - Shot by Erik Johnson.
2:48 of 2nd period - Goal by Erik Johnson - Columbus Blue Jackets : 2 - Vegas Golden Knights : 2.
2:49 of 2nd period - Mikael Backlund wins face-off versus Anze Kopitar in neutral zone.
2:56 of 2nd period - Shot by Michael Bunting.
2:56 of 2nd period - Shot Misses the Net.
3:08 of 2nd period - Shot by Anze Kopitar.
3:08 of 2nd period - Shot Misses the Net.
3:14 of 2nd period - Shot by Anze Kopitar.
3:14 of 2nd period - Stopped by Andrei Vasilevskiy with a rebound.
3:16 of 2nd period - Shot by Tom Wilson.
3:16 of 2nd period - Stopped by Andrei Vasilevskiy without a rebound.
3:17 of 2nd period - Bo Horvat wins face-off versus Jonathan Huberdeau in Vegas Golden Knights zone.
3:35 of 2nd period - Icing by Erik Cernak.
3:36 of 2nd period - John Tavares wins face-off versus Aleksander Barkov in Columbus Blue Jackets zone.
3:41 of 2nd period - Icing by Jonathan Huberdeau.
3:42 of 2nd period - Bo Horvat wins face-off versus Aleksander Barkov in Columbus Blue Jackets zone.
3:42 of 2nd period - Sam Reinhart is hit by Erik Cernak and loses puck.
4:51 of 2nd period - Icing by Noah Hanifin.
4:52 of 2nd period - Nicolas Roy wins face-off versus Bo Horvat in Vegas Golden Knights zone.
4:56 of 2nd period - Icing by Erik Johnson.
4:57 of 2nd period - Bo Horvat wins face-off versus Nicolas Roy in Vegas Golden Knights zone.
6:19 of 2nd period - Alexander Kerfoot is hit by Jacob Trouba and loses puck.
6:24 of 2nd period - Shot by Mikael Backlund.
6:24 of 2nd period - Shot Hit the Post.
6:26 of 2nd period - Shot by Alexander Kerfoot.
6:26 of 2nd period - Shot Misses the Net.
6:41 of 2nd period - Icing by John Carlson.
6:42 of 2nd period - Nicolas Roy wins face-off versus David Kampf in Columbus Blue Jackets zone.
6:42 of 2nd period - Nicolas Roy is hit by Patric Hornqvist.
7:14 of 2nd period - Minor Penalty to Patric Hornqvist for Hooking.
7:15 of 2nd period - David Kampf wins face-off versus Aleksander Barkov in Vegas Golden Knights zone.
7:28 of 2nd period - Mikael Backlund is hit by Steven Stamkos and loses puck.
7:48 of 2nd period - Shot by Jonathan Huberdeau.
7:48 of 2nd period - Shot Misses the Net.
8:58 of 2nd period - Shot by Luke Schenn.
8:58 of 2nd period - Shot Misses the Net.
9:00 of 2nd period - Shot by Aleksander Barkov.
9:00 of 2nd period - Deflect By Jonathan Huberdeau.
9:00 of 2nd period - Shot Misses the Net.
12:08 of 2nd period - Shot by Nicolas Roy.
12:08 of 2nd period - Stopped by Andrei Vasilevskiy with a rebound.
12:10 of 2nd period - Shot by Derek Grant.
12:10 of 2nd period - Stopped by Andrei Vasilevskiy without a rebound.
12:11 of 2nd period - John Tavares wins face-off versus Aleksander Barkov in Vegas Golden Knights zone.
12:44 of 2nd period - Shot by John Tavares.
12:44 of 2nd period - Stopped by Igor Shesterkin without a rebound.
12:45 of 2nd period - Bo Horvat wins face-off versus Derek Grant in Columbus Blue Jackets zone.
13:08 of 2nd period - Shot by Derek Grant.
13:08 of 2nd period - Shot Misses the Net.
13:10 of 2nd period - Shot by Rasmus Asplund.
13:10 of 2nd period - Shot Misses the Net.
13:20 of 2nd period - Shot by Noah Hanifin.
13:20 of 2nd period - Shot Blocked by Erik Cernak.
13:58 of 2nd period - Off-side.
13:59 of 2nd period - Nicolas Roy wins face-off versus John Tavares in neutral zone.
14:08 of 2nd period - Shot by Justin Danforth.
14:08 of 2nd period - Deflect By Nicolas Roy.
14:08 of 2nd period - Shot Misses the Net.
14:10 of 2nd period - Shot by Nicolas Roy.
14:10 of 2nd period - Shot Misses the Net.
14:12 of 2nd period - Shot by Justin Danforth.
14:12 of 2nd period - Shot Misses the Net.
14:14 of 2nd period - Shot by Ryan Murray.
14:14 of 2nd period - Shot Blocked by Marco Scandella.
14:53 of 2nd period - Icing by John Carlson.
14:54 of 2nd period - David Kampf wins face-off versus Evgenii Dadonov in Columbus Blue Jackets zone.
15:23 of 2nd period - Shot by Anze Kopitar.
15:23 of 2nd period - Shot Misses the Net.
15:25 of 2nd period - Shot by Tom Wilson.
15:25 of 2nd period - Stopped by Andrei Vasilevskiy with a rebound.
15:27 of 2nd period - Shot by John Carlson.
15:27 of 2nd period - Shot Misses the Net.
16:14 of 2nd period - Shot by Michael Bunting.
16:14 of 2nd period - Stopped by Igor Shesterkin with a rebound.
16:16 of 2nd period - Shot by Erik Johnson.
16:16 of 2nd period - Stopped by Igor Shesterkin without a rebound.
16:17 of 2nd period - Nicolas Roy wins face-off versus Mark Stone in Columbus Blue Jackets zone.
16:28 of 2nd period - Shot by Nicolas Roy.
16:28 of 2nd period - Shot Misses the Net.
16:40 of 2nd period - Shot by Lars Eller.
16:40 of 2nd period - Stopped by Andrei Vasilevskiy with a rebound.
17:14 of 2nd period - Shot by John Carlson.
17:14 of 2nd period - Goal by John Carlson - Columbus Blue Jackets : 3 - Vegas Golden Knights : 2.
17:15 of 2nd period - Mikael Backlund wins face-off versus Aleksander Barkov in neutral zone.
17:38 of 2nd period - Shot by Mikael Backlund.
17:38 of 2nd period - Stopped by Igor Shesterkin without a rebound.
17:39 of 2nd period - Anze Kopitar wins face-off versus Bo Horvat in Columbus Blue Jackets zone.
17:45 of 2nd period - Off-side.
17:46 of 2nd period - Anze Kopitar wins face-off versus Bo Horvat in neutral zone.
17:48 of 2nd period - Off-side.
17:49 of 2nd period - Bo Horvat wins face-off versus Tom Wilson in neutral zone.
17:53 of 2nd period - Off-side.
17:54 of 2nd period - Anze Kopitar wins face-off versus John Tavares in neutral zone.
18:16 of 2nd period - Anze Kopitar is hit by Erik Johnson and loses puck.
18:47 of 2nd period - Shot by Steven Stamkos.
18:47 of 2nd period - Stopped by Andrei Vasilevskiy without a rebound.
18:48 of 2nd period - Aleksander Barkov wins face-off versus Bo Horvat in Vegas Golden Knights zone.
19:05 of 2nd period - Shot by Steven Stamkos.
19:05 of 2nd period - Shot Blocked by Josh Manson.
19:13 of 2nd period - Shot by Steven Stamkos.
19:13 of 2nd period - Stopped by Andrei Vasilevskiy with a rebound.
19:15 of 2nd period - Shot by Aleksander Barkov.
19:15 of 2nd period - Shot Blocked by Cody Ceci.
19:17 of 2nd period - Shot by Jonathan Huberdeau.
19:17 of 2nd period - Shot Blocked by Cody Ceci.
19:46 of 2nd period - Shot by Lars Eller.
19:46 of 2nd period - Stopped by Andrei Vasilevskiy without a rebound.
19:47 of 2nd period - Mikael Backlund wins face-off versus Derek Grant in Vegas Golden Knights zone.
Goals for this period are 1 for Columbus Blue Jackets vs 1 for Vegas Golden Knights.
Shots for this period are 12 for Columbus Blue Jackets vs 7 for Vegas Golden Knights.

3rd period


0:01 of 3rd period - Anze Kopitar wins face-off versus Mikael Backlund in neutral zone.
0:32 of 3rd period - Shot by Michael Bunting.
0:32 of 3rd period - Stopped by Igor Shesterkin without a rebound.
0:33 of 3rd period - John Tavares wins face-off versus Aleksander Barkov in Columbus Blue Jackets zone.
1:10 of 3rd period - Shot by Steven Stamkos.
1:10 of 3rd period - Shot Misses the Net.
1:33 of 3rd period - Off-side.
1:34 of 3rd period - Mikael Backlund wins face-off versus Anze Kopitar in neutral zone.
2:42 of 3rd period - Shot by Sam Reinhart.
2:42 of 3rd period - Shot Hit the Post.
2:44 of 3rd period - Shot by Carson Soucy.
2:44 of 3rd period - Shot Misses the Net.
2:46 of 3rd period - Shot by Carson Soucy.
2:46 of 3rd period - Stopped by Igor Shesterkin without a rebound.
2:47 of 3rd period - John Tavares wins face-off versus Derek Grant in Columbus Blue Jackets zone.
2:56 of 3rd period - Shot by Evgeny Kuznetsov.
2:56 of 3rd period - Stopped by Igor Shesterkin without a rebound.
2:57 of 3rd period - Bo Horvat wins face-off versus Aleksander Barkov in Columbus Blue Jackets zone.
3:04 of 3rd period - Shot by Bo Horvat.
3:04 of 3rd period - Shot Blocked by Ryan Murray.
3:11 of 3rd period - Steven Stamkos is hit by Marco Scandella and loses puck.
3:16 of 3rd period - Shot by Steven Stamkos.
3:16 of 3rd period - Stopped by Andrei Vasilevskiy without a rebound.
3:17 of 3rd period - Anze Kopitar wins face-off versus John Tavares in Vegas Golden Knights zone.
3:32 of 3rd period - Shot by Tom Wilson.
3:32 of 3rd period - Shot Blocked by Cody Ceci.
3:34 of 3rd period - Shot by Jacob Trouba.
3:34 of 3rd period - Shot Blocked by Josh Manson.
3:50 of 3rd period - Shot by Evgenii Dadonov.
3:50 of 3rd period - Stopped by Andrei Vasilevskiy with a rebound.
4:19 of 3rd period - Aleksander Barkov is hit by Erik Johnson and loses puck.
4:44 of 3rd period - Shot by Aleksander Barkov.
4:44 of 3rd period - Stopped by Andrei Vasilevskiy without a rebound.
4:45 of 3rd period - Bo Horvat wins face-off versus Nicolas Roy in Vegas Golden Knights zone.
5:11 of 3rd period - Shot by Sam Reinhart.
5:11 of 3rd period - Shot Misses the Net.
5:13 of 3rd period - Shot by Sam Reinhart.
5:13 of 3rd period - Shot Misses the Net.
5:15 of 3rd period - Shot by Marco Scandella.
5:15 of 3rd period - Shot Misses the Net.
5:18 of 3rd period - Icing by Jaycob Megna.
5:19 of 3rd period - Mikael Backlund wins face-off versus Nicolas Roy in Columbus Blue Jackets zone.
5:49 of 3rd period - John Carlson is hit by Alexander Kerfoot and loses puck.
6:11 of 3rd period - Icing by John Carlson.
6:12 of 3rd period - John Tavares wins face-off versus Aleksander Barkov in Columbus Blue Jackets zone.
6:17 of 3rd period - Shot by Mark Stone.
6:17 of 3rd period - Shot Blocked by Jacob Trouba.
6:30 of 3rd period - Evgeny Kuznetsov is hit by John Carlson.
6:46 of 3rd period - Shot by John Tavares.
6:46 of 3rd period - Stopped by Igor Shesterkin without a rebound.
6:47 of 3rd period - Bo Horvat wins face-off versus Tom Wilson in Columbus Blue Jackets zone.
7:16 of 3rd period - Shot by Anze Kopitar.
7:16 of 3rd period - Shot Misses the Net.
7:34 of 3rd period - Minor Penalty to Josh Manson for Elbowing.
7:35 of 3rd period - Aleksander Barkov wins face-off versus David Kampf in Vegas Golden Knights zone.
7:36 of 3rd period - Shot by Jacob Trouba.
7:36 of 3rd period - Stopped by Andrei Vasilevskiy without a rebound.
7:37 of 3rd period - David Kampf wins face-off versus Aleksander Barkov in Vegas Golden Knights zone.
8:04 of 3rd period - Shot by Jacob Trouba.
8:04 of 3rd period - Stopped by Andrei Vasilevskiy with a rebound.
8:06 of 3rd period - Shot by John Carlson.
8:06 of 3rd period - Stopped by Andrei Vasilevskiy without a rebound.
8:07 of 3rd period - David Kampf wins face-off versus Anze Kopitar in Vegas Golden Knights zone.
8:16 of 3rd period - Shot by Anze Kopitar.
8:16 of 3rd period - Stopped by Andrei Vasilevskiy without a rebound.
8:17 of 3rd period - Anze Kopitar wins face-off versus David Kampf in Vegas Golden Knights zone.
8:22 of 3rd period - Shot by Lars Eller.
8:22 of 3rd period - Stopped by Andrei Vasilevskiy without a rebound.
8:23 of 3rd period - Aleksander Barkov wins face-off versus David Kampf in Vegas Golden Knights zone.
8:26 of 3rd period - Shot by Jonathan Huberdeau.
8:26 of 3rd period - Stopped by Andrei Vasilevskiy without a rebound.
8:27 of 3rd period - David Kampf wins face-off versus Aleksander Barkov in Vegas Golden Knights zone.
8:27 of 3rd period - David Kampf is hit by Aleksander Barkov.
8:40 of 3rd period - Icing by John Carlson.
8:41 of 3rd period - David Kampf wins face-off versus Steven Stamkos in Columbus Blue Jackets zone.
9:31 of 3rd period - Icing by Anze Kopitar.
9:32 of 3rd period - Bo Horvat wins face-off versus Lars Eller in Columbus Blue Jackets zone.
9:36 of 3rd period - Minor Penalty to Pierre-Luc Dubois for Interference.
9:37 of 3rd period - Bo Horvat wins face-off versus Anze Kopitar in Vegas Golden Knights zone.
9:37 of 3rd period - Alexander Kerfoot is hit by Luke Schenn and loses puck.
10:16 of 3rd period - Lars Eller is hit by Josh Manson and loses puck.
11:01 of 3rd period - Noah Hanifin is hit by Steven Stamkos and loses puck.
12:23 of 3rd period - Icing by Ryan Murray.
12:24 of 3rd period - Derek Grant wins face-off versus Pierre-Luc Dubois in Columbus Blue Jackets zone.
12:59 of 3rd period - Icing by Pierre-Luc Dubois.
13:00 of 3rd period - Bo Horvat wins face-off versus Anze Kopitar in Vegas Golden Knights zone.
13:10 of 3rd period - Minor Penalty to Erik Cernak for High sticking.
13:11 of 3rd period - Nicolas Roy wins face-off versus John Tavares in Columbus Blue Jackets zone.
13:11 of 3rd period - John Carlson is hit by Evgeny Kuznetsov and loses puck.
13:24 of 3rd period - Shot by Evgeny Kuznetsov.
13:24 of 3rd period - Stopped by Igor Shesterkin without a rebound.
13:25 of 3rd period - John Tavares wins face-off versus Nicolas Roy in Columbus Blue Jackets zone.
13:26 of 3rd period - Shot by Noah Hanifin.
13:26 of 3rd period - Shot Misses the Net.
13:28 of 3rd period - Shot by Sam Reinhart.
13:28 of 3rd period - Stopped by Igor Shesterkin without a rebound.
13:29 of 3rd period - Nicolas Roy wins face-off versus John Tavares in Columbus Blue Jackets zone.
13:42 of 3rd period - Shot by Mark Stone.
13:42 of 3rd period - Stopped by Igor Shesterkin with a rebound.
13:56 of 3rd period - Shot by Sam Reinhart.
13:56 of 3rd period - Shot Misses the Net.
14:33 of 3rd period - Icing by Josh Manson.
14:34 of 3rd period - Nicolas Roy wins face-off versus Bo Horvat in Vegas Golden Knights zone.
15:51 of 3rd period - Jaycob Megna is hit by Carson Soucy and loses puck.
15:59 of 3rd period - Icing by Marco Scandella.
16:00 of 3rd period - David Kampf wins face-off versus Anze Kopitar in Vegas Golden Knights zone.
16:00 of 3rd period - David Kampf is hit by Tom Wilson.
16:29 of 3rd period - John Tavares is hit by Jacob Trouba and loses puck.
16:39 of 3rd period - Evgeny Kuznetsov is hit by John Carlson and loses puck.
17:56 of 3rd period - Minor Penalty to Lars Eller for Hooking.
17:57 of 3rd period - Nicolas Roy wins face-off versus Bo Horvat in Columbus Blue Jackets zone.
18:20 of 3rd period - Shot by Sam Reinhart.
18:20 of 3rd period - Stopped by Igor Shesterkin without a rebound.
18:21 of 3rd period - John Tavares wins face-off versus Brandon Duhaime in Columbus Blue Jackets zone.
18:34 of 3rd period - Vegas Golden Knights, Andrei Vasilevskiy is pulled from the net.
18:46 of 3rd period - Shot by Josh Manson.
18:46 of 3rd period - Shot Misses the Net.
18:48 of 3rd period - Shot by Mark Stone.
18:48 of 3rd period - Stopped by Igor Shesterkin without a rebound.
18:49 of 3rd period - Nicolas Roy wins face-off versus Michael Bunting in Columbus Blue Jackets zone.
Goals for this period are 0 for Columbus Blue Jackets vs 0 for Vegas Golden Knights.
Shots for this period are 9 for Columbus Blue Jackets vs 9 for Vegas Golden Knights.